 Dungeon Crawl Stone Soup version 0.22-a0-538-g76cc104 (webtiles) character file.

644 inc the Caller (level 7, -8/45 HPs)
             Began as an Octopode Ice Elementalist on June 23, 2018.
             Was an Initiate of Gozag.
             Mangled by a gnoll
             ... wielding a +0 halberd
              (9 damage)
             ... on level 4 of the Dungeon.
             The game lasted 00:11:04 (5786 turns).

inc the Caller (Octopode Ice Elementalist)          Turns: 5786, Time: 00:11:05

Health: -8/45      AC:  1    Str:  4 (7)  XL:     7   Next: 52%
Magic:  5/10       EV: 13    Int: 18 (20) God:    Gozag
Gold:   143        SH:  0    Dex:  9 (12) Spells: 2/10 levels left

rFire    . . .     SeeInvis .   m - -3 dagger (curse)
rCold    . . .     Gourm    .   (no shield)
rNeg     . . .     Faith    .   (helmet restricted)
rPois    +         Spirit   .   (no amulet)
rElec    .         Reflect  .   o - ring of stealth
rCorr    .         Harm     .   (no ring)
MR       .....                  (no ring)
Stlth    ++++......             (no ring)
HPRegen  0.15/turn              (no ring)
MPRegen  0.12/turn              (no ring)
                                (no ring)
                                (no ring)

@: no status effects
A: almost no armour, stealthy swim, amphibious, 8 rings, constrict 8, camouflage
1, poison resistance, robust 1, gelatinous body 1
a: Potion Petition, Call Merchant, Bribe Branch, Renounce Religion


You were on level 4 of the Dungeon.
You worshipped Gozag.
Gozag was aware of your devotion.
You were full.

You visited 2 branches of the dungeon, and saw 7 of its levels.

You collected 275 gold pieces.
You paid 132 gold pieces to Gozag.

Inventory:

Hand Weapons
 l - a +3 dagger of protection
 m - a cursed -3 dagger (weapon)
Jewellery
 o - a ring of stealth (left tentacle)
 p - an uncursed ring of see invisible {unknown}
Scrolls
 a - a scroll of amnesia
 e - 2 scrolls of enchant armour
 r - a scroll of enchant weapon
Potions
 b - a potion of curing
 d - a potion of agility {unknown}
 f - a potion of mutation
 g - a potion of magic {unknown}
 h - 2 potions of berserk rage {unknown}
 i - 3 potions of haste
 j - 2 potions of might
 k - a potion of lignification {unknown}
Comestibles
 c - 9 rations


   Skills:
 - Level 2.0 Dodging
 - Level 2.6 Stealth
 - Level 2.0 Spellcasting
   Level 1.0 Conjurations
 + Level 5.9 Summonings
 + Level 5.8 Ice Magic


You had 2 spell levels left.
You knew the following spells:

 Your Spells              Type           Power        Failure   Level  Hunger
a - Freeze                Ice            ###.         1%          1    #......
b - Ozocubu's Armour      Chrm/Ice       ##......     16%         3    ###....
c - Summon Ice Beast      Ice/Summ       ###.....     16%         4    #####..

Your spell library contained the following spells:

 Spells                   Type           Power        Failure   Level  Hunger
 Fireball                 Conj/Fire      #.........   99%         5    ######.
 Throw Frost              Conj/Ice       ##....       7%          2    ###....
 Sticky Flame             Conj/Fire      #.......     82%         4    #####..
 Stone Arrow              Conj/Erth      #.....       41%         3    ###....
 Throw Icicle             Conj/Ice       ##......     41%         4    #####..
 Flame Tongue             Conj/Fire      #....        14%         1    #......
 Ignite Poison            Fire/Tmut/Pois #.......     47%         3    ###....
 Inner Flame              Hex/Fire       #.......     47%         3    ###....


Dungeon Overview and Level Annotations

Branches:
Dungeon (6/15)             Temple (1/1) D:5

Altars:
Cheibriados
Dithmenos
Elyvilon
Gozag
Hepliaklqana
Kikubaaqudgha
Makhleb
Okawaru
Qazlal
Ru
Sif Muna
Trog
Uskayaw
Vehumet
Wu Jian
Xom
Yredelemnul
Zin


Innate Abilities, Weirdness & Mutations

You cannot wear most types of armour.
You are very stealthy in the water. (Stealth+)
You are amphibious.
You can wear up to eight rings at the same time.
You can use your tentacles to constrict eight enemies at once.
Your skin changes colour to match your surroundings (Stealth+).
Your rubbery body absorbs attacks. (AC +1, EV +1)
Your system is resistant to poisons. (rPois)
You are robust. (+10% HP)


Message History

Your ice beast dies!
The two-headed ogre shouts in stereo!
The gnoll shouts!
You hear a shout!
The gnoll shouts!
You hear a shout! x3
The gnoll hits you from afar with a halberd!
The gnoll hits you from afar with a halberd!
The gnoll shouts!
The gnoll throws a stone.
The stone misses you. The gnoll misses you.
The two-headed ogre hits you with a dire flail!!
Ouch! That really hurt!
* * * LOW HITPOINT WARNING * * *
The two-headed ogre barely misses you.
You see here a stone.
Your magical contamination has completely faded away.
It was a potion of degeneration.
There was something very wrong with that liquid.
You feel weakened.
You feel dopey.
You feel clumsy.
The gnoll hits you from afar with a halberd!
You die...
Your body crumbles into a pile of gold.

##.............#..# ######.....
...............#..# #..........
##.............#..#####.###......
#.............#..#.......#..####
#.............#......#.#....# #
#.............#.g#.#.#.#....####
#..g..........#gg#...#.#........
#.............#O.#.#.#.##..#####
#.............#@.#.#.#......#
#...............##.#......###
#......g....(...##.#.######
#...[..g....(..........###
##############(.#........#
#..#........# ##.#...<....#
#>.........# #..........#


You could see a two-headed ogre and 3 gnolls.

Vanquished Creatures
  A sky beast (D:5)
  A howler monkey (D:5)
  2 crimson imps (D:5)
  A jelly (D:5)
  2 orc wizards (D:5)
  Jessica (D:2)
  An iguana (D:5)
  4 worker ants
  Natasha (thrice) (D:2)
  A hound skeleton (D:4)
  4 adders
  An ooze (D:2)
  An adder skeleton (D:5)
  2 worms
  2 dart slugs (D:1)
  A leopard gecko (D:3)
  5 orcs
  3 ball pythons
  11 bats
  2 giant cockroaches
  A goblin (D:2)
  7 hobgoblins
  11 jackals
  6 kobolds
  2 quokkas (D:2)
  2 frilled lizards (D:2)
  9 rats
87 creatures vanquished.

Notes
Turn   | Place    | Note
-------+----------+-------------------------------------------
     0 | D:1      | inc the Octopode Ice Elementalist began the quest for the Orb.
     0 | D:1      | Reached XP level 1. HP: 11/11 MP: 3/3
   264 | D:1      | Reached XP level 2. HP: 9/17 MP: 0/5
  1007 | D:1      | Reached XP level 3. HP: 21/21 MP: 4/6
  1310 | D:2      | Noticed Natasha
  1456 | D:2      | Noticed Jessica
  1467 | D:2      | Killed Jessica
  1467 | D:2      | Reached XP level 4. HP: 26/27 MP: 0/7
  1628 | D:2      | Killed Natasha
  1628 | D:2      | Reached skill level 5 in Ice Magic
  2001 | D:2      | Found a glowing silver altar of Zin.
  2013 | D:2      | Reached XP level 5. HP: 31/31 MP: 3/8
  2303 | D:2      | Learned a level 3 spell: Ozocubu's Armour
  2308 | D:2      | Learned a level 4 spell: Summon Ice Beast
  2389 | D:2      | Found a deep blue altar of Sif Muna.
  2389 | D:2      | Found a sacrificial altar of Ru.
  2394 | D:2      | Found a snail-covered altar of Cheibriados.
  2396 | D:2      | Found a faded altar of an unknown god.
  2397 | D:2      | Found a faded altar of an unknown god.
  2620 | D:2      | Noticed Natasha
  2631 | D:2      | Killed Natasha
  2631 | D:2      | Reached skill level 1 in Summonings
  2802 | D:2      | Gained mutation: Your system is resistant to poisons. (rPois) [potion of mutation]
  2802 | D:2      | Gained mutation: You are robust. (+10% HP) [potion of mutation]
  2869 | D:2      | Noticed Natasha
  2881 | D:2      | Killed Natasha
  3751 | D:4      | Noticed an ogre
  3770 | D:4      | Noticed a two-headed ogre
  3826 | D:5      | Entered Level 5 of the Dungeon
  3827 | D:5      | Found a shadowy altar of Dithmenos.
  3829 | D:5      | Found a basalt altar of Yredelemnul.
  3839 | D:5      | Found a white marble altar of Elyvilon.
  4016 | D:4      | Identified the Disquisition on the Torrid Rocks
  4024 | D:4      | Reached XP level 6. HP: 38/39 MP: 2/9
  4613 | D:5      | Noticed a sky beast
  4622 | D:5      | Killed a sky beast
  4744 | D:5      | Reached XP level 7. HP: 36/45 MP: 7/10
  4766 | D:5      | Reached skill level 5 in Summonings
  5466 | D:5      | Found a staircase to the Ecumenical Temple.
  5472 | Temple   | Entered the Ecumenical Temple
  5599 | Temple   | Became a worshipper of Gozag Ym Sagoz the Greedy
  5781 | D:4      | HP: 1/45 [two-headed ogre/dire flail (26)]
  5786 | D:4      | Mangled by a gnoll

Vault maps used:
D:1:      dpeg_arrival_tiny_j, serial_park_tiny_1
D:2:      chequers_temple_overflow_minitemple, zin_academy, uniq_jessica,
          uniq_natasha
D:3:      first_ration, serial_bayou_lagoon_b
D:5:      grunt_temple_overflow_open, temple_statues
D:6:      tso_metal_star, serial_shops, kennysheep_mini, minmay_small_thing
Temple:   jpeg_temple_clearing

Skill      XL: |  1  2  3  4  5  6  7 |
---------------+----------------------+-----
Ice Magic      | 4 5 |  5.8
Summonings     | 3 4 5 |  5.9
Dodging        | |  2.0
Stealth        | |  2.6
Spellcasting   | |  2.0
Conjurations   | |  1.0

Action                   |  1- 3 |  4- 6 |  7- 9 || total
-------------------------+-------+-------+-------++-------
Melee: Unarmed           |    18 |    20 |       ||    38
       Constrict         |     4 |    25 |     6 ||    35
       Tentacles         |     3 |    13 |     2 ||    18
       Dagger            |       |    60 |    20 ||    80
 Cast: Freeze            |    32 |    57 |    17 ||   106
       Ozocubu's Armour  |       |     1 |       ||     1
       Summon Ice Beast  |       |       |     1 ||     1
  Use: Scroll            |       |    10 |     1 ||    11
       Potion            |       |     1 |     2 ||     3
 Stab: Sleeping          |     6 |    13 |       ||    19
  Eat: Chunk             |     2 |    10 |     2 ||    14
       Ration            |       |       |     2 ||     2
Armor: Skin              |     7 |     9 |     1 ||    17
Dodge: Dodged            |    34 |    76 |    20 ||   130

Table legend:
 A = Spawn XP
 B = Non-spawn XP
 C = Spawn XP percentage of total XP
 D = Spawn monster count
 E = Non-spawn monster count
 F = Spawn count percentage of total count
 G = Total turns spent on level
                    A         B        C        D         E        F      G
               +---------+---------+-------+---------+---------+-------+---------
         Total |       0 |     920 |   0.0 |       0 |      87 |   0.0 |  5786
               +---------+---------+-------+---------+---------+-------+---------
           D:1 |       0 |      38 |   0.0 |       0 |      21 |   0.0 |  1412
           D:2 |       0 |     222 |   0.0 |       0 |      28 |   0.0 |  1914
           D:3 |       0 |      35 |   0.0 |       0 |      11 |   0.0 |   496
           D:4 |       0 |      94 |   0.0 |       0 |       7 |   0.0 |   615
           D:5 |       0 |     499 |   0.0 |       0 |      19 |   0.0 |  1156
           D:6 |       0 |      32 |   0.0 |       0 |       1 |   0.0 |    55
               +---------+---------+-------+---------+---------+-------+---------
